 Dungeon Crawl Stone Soup version 0.16.1-2-g95b8d4c (webtiles) character file.

9 Ololoev the Charlatan (level 2, -14/14 HPs)
             Began as a Spriggan Artificer on Mar 25, 2015.
             Killed themself with a badly aimed fireball (15 damage)
             ... on level 1 of the Dungeon.
             The game lasted 00:00:35 (204 turns).

Ololoev the Charlatan (Spriggan Artificer)           Turns: 204, Time: 00:00:35

Health: -14/14     AC:  2    Str:  7    XL:     2   Next: 3%
Magic:  5/5        EV: 18    Int: 13    God:
Gold:   27         SH:  0    Dex: 16    Spells: 0 memorised, 1 level left

rFire  . . .     SeeInvis +     a - +0 short sword
rCold  . . .     Clarity  .     e - +0 robe
rNeg   . . .     SustAb   .     (shield restricted)
rPois  .         Gourm    .     (helmet restricted)
rElec  .         Spirit   .     (no cloak)
rCorr  .         Warding  .     (gloves unavailable)
rMut   .         Stasis   .     (boots unavailable)
MR     .....                    (no amulet)
Stlth  ++........               (no ring)
                                (no ring)

@: very quick, not resistant to hostile enchantments, unstealthy
A: unfitting armour, see invisible, herbivore 3, speed 3, slow metabolism 2
a: no special abilities


You were on level 1 of the Dungeon.
You were not hungry.

You visited 1 branch of the dungeon, and saw 1 of its levels.

You collected 27 gold pieces.

Notes
Turn   | Place    | Note
--------------------------------------------------------------
     0 | D:1      | Ololoev, the Spriggan Artificer, began the quest for the Orb.
     0 | D:1      | Reached XP level 1. HP: 9/9 MP: 2/2
   204 | D:1      | Reached XP level 2. HP: 1/14 MP: 5/5
   204 | D:1      | Killed themself with a badly aimed fireball

Inventory:

Hand weapons
 a - a +0 short sword (weapon)
Armour
 e - a +0 robe (worn)
Magical devices
 b - a wand of flame (15)
 c - a wand of enslavement (15)
 d - a wand of random effects (13)
Comestibles
 f - a bread ration

Table legend:
 A = Turns spent in this place as a percentage of turns spent in the entire game.
 B = Non-inter-level travel turns spent in this place as a percentage of non-inter-level travel turns spent in the entire game.
 C = Inter-level travel turns spent in this place as a percentage of turns spent in this place.
 D = Turns resting spent in this place as a percentage of non-inter-level travel turns spent in this place.
 E = Turns spent auto-exploring this place as a percentage of non-inter-level travel turns spent in this place.
 F = Non-inter-level travel turns spent in this place divided by the number of levels of this place that you've seen.
                   A       B       C       D       E      F
               +-------+-------+-------+-------+-------+----------------------
         Total | 100.0 | 100.0 |   0.0 |   3.4 |  10.2 |  59.0
       Dungeon | 100.0 | 100.0 |   0.0 |   3.4 |  10.2 |  59.0
               +-------+-------+-------+-------+-------+----------------------


   Skills:
 - Level 0.7 Fighting
 + Level 2.0 Short Blades
 - Level 3.0 Dodging
 - Level 1.5 Stealth
 + Level 4.3 Evocations


You had one spell level left.
You didn't know any spells.

Dungeon Overview and Level Annotations

Branches:
Dungeon (1/15)

Altars:


Innate Abilities, Weirdness & Mutations

You are tiny and cannot use many weapons and most armour.
You have supernaturally acute eyesight.
You are a herbivore.
You cover ground extremely quickly.
You need consume almost no food.


Message History

The giant cockroach closely misses you.
A goblin comes into view. It is wielding a dagger.
You are too injured to fight recklessly!
You are too injured to fight recklessly!
You are too injured to fight recklessly!
You are too injured to fight recklessly!
You are too injured to fight recklessly!
Unknown command.
The goblin misses you. The goblin barely misses you.
The bat hits you but does no damage.
Evoke which item? (* to show all) (? for menu, Esc to quit)
Zapping:
d - a wand of random effects (15)
Press: ? - help, Shift-Dir - straight line, f - jackal
Aim: a jackal The jackal flickers and vanishes for a moment.
This wand has 14 charges left.
The jackal bites you but does no damage.
You close the door.
The jackal bites you but does no damage.
Drop what? 6/52 slots (_ for help) (? for menu, Esc to quit)
Okay, then.
Evoke which item? (* to show all) (? for menu, Esc to quit)
Zapping:
d - a wand of random effects (14)
Press: ? - help, Shift-Dir - straight line, f/p - jackal
Aim: a jackal (slightly transparent)
The jackal struggles to resist.
This wand has 13 charges left.
The jackal completely misses you. x2
Evoke which item? (* to show all) (? for menu, Esc to quit)
Zapping:
d - a wand of random effects (13)
Press: ? - help, Shift-Dir - straight line, f/p - jackal
Aim: a jackal (slightly transparent)
The fireball explodes!
The fireball engulfs the jackal.
You kill the jackal!
Your Short Blades skill increases to level 2!
You have reached level 2!
The fireball engulfs the goblin.
You kill the goblin!
The fireball engulfs you!
Ouch! That really hurt!
You die...

.......)†.......#
#......... +hK.......
# #gh....... +
#b######## # #+## #h#
..# #.# #########.#
#†# ...........## #@#
#...........###+####
##...........##.....#
.#..........(.#.....#
.#..........#.#.....#
.#..........#.#.....#
.#..........#.#.....#
.#..........#..#.####
.#..........##.#.#


You could see 3 jackals, a goblin, a bat and a kobold.

Table legend:
 A = Kills in this place as a percentage of kills in entire the game.
 B = Kills by you in this place as a percentage of kills by you in the entire game.
 C = Kills by friends in this place as a percentage of kills by friends in the entire game.
 D = Other kills in this place as a percentage of other kills in the entire game.
 E = Experience gained in this place as a percentage of experience gained in the entire game.
 F = Experience gained in this place divided by the number of levels of this place that you have seen.
                   A       B       C       D       E      F
               +-------+-------+-------+-------+-------+----------------------
         Total | 100.0 | 100.0 |  -nan |  -nan | 100.0 |  13.0
       Dungeon | 100.0 | 100.0 |  -nan |  -nan | 100.0 |  13.0
               +-------+-------+-------+-------+-------+----------------------

Vanquished Creatures
  A giant cockroach (D:1)
  A jackal (D:1)
  2 kobolds (D:1)
  A ball python (D:1)
  2 bats (D:1)
  2 goblins (D:1)
  A rat (D:1)
10 creatures vanquished.

Action                   || total
-------------------------++-------
Melee: Short sword       ||    17
Evoke: Wand              ||     2

Vault maps used:
D:1:      shiori_shiawase, serial_bayou_pond_b
